 Dungeon Crawl Stone Soup version 0.28.0 (webtiles) character file.

Game seed: 13137090425090956884

1563 SnakkuSnakku7 the Archer (level 8, 0/41 HPs)
             Began as a Tengu Earth Elementalist on Feb 10, 2022.
             Slain by a hornet (4 damage)
             ... while paralysed by a hornet
             ... on level 7 of the Dungeon.
             The game lasted 00:12:42 (7861 turns).

SnakkuSnakku7 the Archer (Tengu Earth Elementalist) Turns: 7861, Time: 00:12:43

Health: 0/41       AC:  6    Str: 10    XL:     8   Next: 89%
Magic:  11/12      EV:  2    Int: 15    God:
Gold:   420        SH:  0    Dex: 16    Spells: 10/11 levels left

rFire   + . .      SeeInvis .   a - +0 longbow
rCold   . . .      Faith    .   (shield currently unavailable)
rNeg    . . .      Spirit   .   r - +0 leather armour
rPois   .          Reflect  .   (helmet restricted)
rElec   .          Harm     .   s - +0 cloak {Will+}
rCorr   +          Rampage  .   g - +1 pair of gloves
Will    +....                   (boots unavailable)
Stlth   ++........              (no amulet)
HPRegen 0.13/turn               n - ring of resist corrosion
MPRegen 0.13/turn               m - ring of protection from fire

@: paralysed, lethally poisoned (0 -> -10), flying quickly and evasively, quick
A: beak, talons 3, nimble flight
a: no special abilities


You were on level 7 of the Dungeon.
You visited 1 branch of the dungeon, and saw 8 of its levels.

You collected 420 gold pieces.

Inventory:

Hand Weapons
 a - a +0 longbow (weapon)
 b - a +0 dagger of venom
 u - a +0 hunting sling
 w - a +1 shortbow
Missiles
 c - 17 stones
 i - 35 sling bullets
 v - 63 arrows (quivered ammo)
Armour
 g - a +1 pair of gloves (worn)
 h - a +0 robe
 r - a +0 leather armour (worn)
 s - a +0 cloak of willpower (worn)
Jewellery
 m - a ring of protection from fire (right hand)
 n - a ring of resist corrosion (left hand)
 o - a ring of protection from fire
Wands
 p - a wand of flame (18)
Scrolls
 t - a scroll of blinking {unknown}
Potions
 e - 2 potions of mutation
 f - a potion of magic
 j - 2 potions of curing
 k - a potion of might {unknown}
 l - 3 potions of heal wounds {unknown}
 q - a potion of degeneration {unknown}


   Skills:
 - Level 6.7 Slings
 + Level 8.4 Bows
 - Level 2.1 Dodging
 - Level 2.0 Stealth
 - Level 2.0 Spellcasting
 - Level 0.7 Transmutations
 - Level 3.2 Earth Magic


You had 10 spell levels left.
You knew the following spells:

 Your Spells              Type           Power      Damage    Failure   Level
a - Sandblast             Erth           22%        2d7       8%          1

Your spell library contained the following spells:

 Spells                   Type           Power      Damage    Failure   Level
 Passwall                 Tmut/Erth      5%         N/A       21%         2
 Animate Skeleton         Necr           2%         N/A       30%         1
 Pain                     Necr           4%         1d4       30%         1
 Corpse Rot               Necr/Air       2%         N/A       41%         2
 Poisonous Vapours        Pois/Air       2%         N/A       41%         2
 Stone Arrow              Conj/Erth      12%        3d7       43%         3
 Vampiric Draining        Necr           1%         2d6       65%         3
 Petrify                  Tmut/Erth      7%         N/A       80%         4
 Leda's Liquefaction      Hex/Erth       3%         N/A       83%         4
 Lee's Rapid Deconstruct  Erth           5%         3d7*      91%         5
 Dispel Undead            Necr           1%         3d6       96%         4
 Death Channel            Necr           0%         N/A       100%        6
 Statue Form              Tmut/Erth      4%         N/A       100%        6


Dungeon Overview and Level Annotations

Branches:
Dungeon (8/15)
 Temple: D:4-7         Lair: D:8-11

Altars:
Ashenzari
Fedhas
Makhleb
Nemelex Xobeh
Zin
Beogh

Annotations:
D:3 3 runed translucent doors, BecksGhost's ghost, amateur HOMo
D:4 exclusion: orc, Grinder
D:5 1 transporter
D:8 Maggie


Innate Abilities, Weirdness & Mutations

You have a beak for a mouth.
You have claws for feet.
Your magical nature lets you fly swiftly and evasively.


Message History

c - 17 stones The hornet barely misses you. x2
Fire: 67 arrows
Press: ? - help, Q - select action, (/) - cycle Shift-Dir - straight line, f/p - hornet
Aim: a hornet (lightly wounded, 48% to hit)
You shoot an arrow. The arrow barely misses the hornet.
Your surroundings seem slightly different.
The hornet barely misses you. The hornet misses you.
The hornet stings you but does no damage.
Fire: 66 arrows
Press: ? - help, Q - select action, (/) - cycle Shift-Dir - straight line, f/p - hornet
Aim: a hornet (lightly wounded, 48% to hit)
You shoot an arrow. The arrow hits the hornet!!
The hornet is severely wounded.
You feel yourself speed up.
The hornet stings you but does no damage.
The hornet misses you.
The hornet stings you but does no damage.
Okay, then.
Fire: 65 arrows
Press: ? - help, Q - select action, (/) - cycle Shift-Dir - straight line, f/p - hornet
Aim: a hornet (severely wounded, 48% to hit)
You shoot an arrow. The arrow barely misses the hornet.
The hornet misses you. The hornet barely misses you.
Unknown command.
Fire: 64 arrows
Press: ? - help, Q - select action, (/) - cycle Shift-Dir - straight line, f/p - hornet
Aim: a hornet (severely wounded, 48% to hit)
You shoot an arrow.
The arrow hits the hornet but does no damage.
The hornet is severely wounded.
The hornet stings you!
You feel yourself slow down. The hornet stings you!
* * * LOW HITPOINT WARNING * * *
You are lethally poisoned!
You suddenly lose the ability to move!
You feel yourself speed up.
* * * LOW HITPOINT WARNING * * *
You feel very sick. The hornet stings you.
You die...

#.# ##.##.###
#######... #†#
##.##.# ####
######.###..(#.# #
#............#.# #
#.###........#.# #
#..#####.#.#
#..#####.#.##
##.(.....y...#
#......(#@#..#
#....#......$#.....
####.....$.#.#.##....
##........#.# ...
#........#.# .#
#........#.. #
.#.#...#....
.###....#..#


You could see a hornet.

Vanquished Creatures
  Edmund (D:5)
  A water moccasin (D:7)
  A sky beast (D:6)
  An ice beast (D:7)
  2 necrophages
  2 centaurs (D:5)
  A scorpion (D:6)
  2 howler monkeys (D:7)
  A centaur zombie (D:7)
  2 jellies
  3 orc priests
  Crazy Yiuf (D:6)
  4 hounds
  Ijyb (D:3)
  2 iguanas
  7 gnolls
  A howler monkey skeleton (D:5)
  6 adders
  5 worms
  2 dart slugs
  8 orcs
  12 ball pythons
  5 bats
  8 endoplasms
  2 giant cockroaches (D:3)
  6 goblins (D:4)
  7 hobgoblins
  6 kobolds
  6 quokkas
  A frilled lizard (D:1)
  7 rats
114 creatures vanquished.

Vanquished Creatures (collateral kills)
  A jelly (D:5)
  An adder (D:5)
  An orc (D:5)
3 creatures vanquished.

Vanquished Creatures (others)
  3 plants (D:3)
3 creatures vanquished.

Grand Total: 120 creatures vanquished

Notes
Turn   | Place    | Note
-------+----------+-------------------------------------------
     0 | D:1      | SnakkuSnakku7 the Tengu Earth Elementalist began the quest
                  | for the Orb.
     0 | D:1      | Reached XP level 1. HP: 10/10 MP: 4/4
   112 | D:1      | Reached XP level 2. HP: 12/15 MP: 3/6
   921 | D:1      | Reached XP level 3. HP: 12/19 MP: 7/7
  1295 | D:2      | Reached skill level 1 in Slings
  1295 | D:2      | Reached XP level 4. HP: 9/24 MP: 5/8
  2216 | D:2      | Gained mutation: Your magical nature lets you fly swiftly
                  | and evasively. [Tengu growth]
  2216 | D:2      | Reached XP level 5. HP: 28/28 MP: 1/9
  2247 | D:2      | Found a glowing silver altar of Zin.
  2571 | D:3      | Found a burning altar of Makhleb.
  2936 | D:3      | Found a runed translucent gate.
  2937 | D:3      | Found a runed translucent gate.
  2937 | D:3      | Found a runed translucent gate.
  2937 | D:3      | Noticed BecksGhost's ghost (amateur HOMo)
  2976 | D:3      | Identified the +3 dagger of Midsummer {antimagic, rElec
                  | SInv}
  2976 | D:3      | Identified the +1 leather armour "Qodil" {rF+ rN+}
  3274 | D:4      | Reached XP level 6. HP: 32/32 MP: 6/10
  3359 | D:4      | HP: 1/32 [iguana (8)]
  3715 | D:4      | Reached skill level 5 in Slings
  3743 | D:4      | Noticed Ijyb
  3793 | D:3      | HP: 1/32 [Ijyb (3)]
  3931 | D:3      | Killed Ijyb
  4575 | D:4      | Noticed Grinder
  4603 | D:4      | Found a blossoming altar of Fedhas.
  4795 | D:5      | Entered Level 5 of the Dungeon
  4795 | D:5      | Noticed a necrophage
  5051 | D:4      | Killed a necrophage
  5052 | D:4      | Reached XP level 7. HP: 21/36 MP: 4/11
  5257 | D:5      | Reached skill level 2 in Bows
  5580 | D:5      | Noticed Edmund
  5599 | D:5      | Killed Edmund
  5600 | D:5      | Reached skill level 3 in Bows
  5654 | D:5      | Reached skill level 4 in Bows
  5714 | D:5      | Reached XP level 8. HP: 39/41 MP: 12/12
  5958 | D:5      | Found a sparkling altar of Nemelex Xobeh.
  5958 | D:5      | Found a transporter.
  5958 | D:5      | Noticed a gargoyle
  5959 | D:5      | Noticed a two-headed ogre
  6144 | D:6      | Reached skill level 5 in Bows
  6147 | D:6      | Found a broken altar of Ashenzari.
  6503 | D:6      | Reached skill level 6 in Bows
  6869 | D:6      | Found a runed translucent door.
  6870 | D:6      | Noticed Crazy Yiuf
  6991 | D:6      | Killed Crazy Yiuf
  7138 | D:7      | Reached skill level 7 in Bows
  7169 | D:7      | Noticed a hornet
  7355 | D:8      | Noticed Maggie
  7637 | D:7      | Reached skill level 8 in Bows
  7854 | D:7      | Paralysed by a hornet for 1 turns
  7860 | D:7      | Paralysed by a hornet for 3 turns
  7861 | D:7      | Slain by a hornet

Illustrated notes

Levels and vault maps discovered:
D:1:      roderic_crossed_star, layout_basic
D:2:      minmay_skewed_foursquare, layout_loops_ring, basic_altar
D:3:      layout_loops_ring, mainiacjoe_overflow_alcove_4,
          biasface_ghost_orc_armoury, serial_park_tiny_pond,
          serial_bayou_pond_b, minivault_14, nicolae_underground_beach
D:4:      kennysheep_the_goblin_king, layout_gridville, lemuel_round_altar,
          minmay_misc_feat_pillars, uniq_grinder
D:5:      layout_basic, grunt_nemelex_the_gamble, uniq_edmund
D:6:      layout_rooms, nicolae_ashenzari_skybound, uniq_crazy_yiuf_cottage
D:7:      layout_loops_ring, temple_fountains, minivault_1, lemuel_flame_loot_1
D:8:      layout_basic, serial_shops, shop, uniq_maggie

Skill      XL: |  1  2  3  4  5  6  7  8 |
---------------+-------------------------+-----
Earth Magic    | 3 |  3.2
Slings         | 1 3 4 6 |  6.7
Bows           | 4 8 |  8.4
Dodging        | |  2.1
Stealth        | |  2.0
Spellcasting   | |  2.0
Transmutations | |  0.7

Action                   |  1- 3 |  4- 6 |  7- 9 || total
-------------------------+-------+-------+-------++-------
Melee: Unarmed           |     8 |       |       ||     8
       Kick              |    11 |    32 |    28 ||    71
       Short sword       |    34 |   112 |    15 ||   161
       Peck              |     4 |    19 |    17 ||    40
       Punch             |     1 |       |     2 ||     3
       Dagger            |       |       |    49 ||    49
 Fire: Shortbow          |       |       |    34 ||    34
       Longbow           |       |       |    13 ||    13
 Cast: Sandblast         |    14 |    88 |    30 ||   132
  Use: Scroll            |       |       |    11 ||    11
       Potion            |       |       |     1 ||     1
 Stab: Sleeping          |     1 |     4 |     1 ||     6
Armor: Robe              |     8 |    14 |     9 ||    31
       Leather armour    |       |       |    18 ||    18
Dodge: Dodged            |    20 |   114 |    90 ||   224
